 Dungeon Crawl Stone Soup version 0.16-a0-2970-ge3807df (webtiles) character file.

1 Chiseanne the Magician (level 1, -1/11 HPs)
             Began as an Octopode Wanderer on Dec 5, 2014.
             Slain by a hobgoblin
             ... wielding a +0 club
              (6 damage)
             ... on level 1 of the Dungeon.
             The game lasted 00:01:14 (91 turns).

Chiseanne the Magician (Octopode Wanderer)            Turns: 91, Time: 00:01:14

Health: -1/11      AC:  1    Str:  9    XL:     1   Next: 20%
Magic:  0/3        EV: 11    Int: 13    God:
Gold:   4          SH:  0    Dex: 14    Spells: 3 memorised, 1 level left

rFire  . . .     SeeInvis .     e - +0 dagger
rCold  . . .     Clarity  .     (no shield)
rNeg   . . .     SustAb   .     (helmet restricted)
rPois  .         Gourm    .     (no amulet)
rElec  .         Spirit   .     (no ring)
rCorr  .         Warding  .     (no ring)
rMut   .         Stasis   .     (no ring)
MR     .....                    (no ring)
Stlth  +++.......               (no ring)
                                (no ring)
                                (no ring)
                                (no ring)

@: not resistant to hostile enchantments, fairly stealthy
A: almost no armour, amphibious, 8 rings, constrict 8, camouflage 1, gelatinous
body 1
a: no special abilities


You were on level 1 of the Dungeon.
You were not hungry.

You visited 1 branch of the dungeon, and saw 1 of its levels.

You collected 4 gold pieces.

Inventory:

Hand weapons
 e - a +0 dagger (weapon)
Books
 a - a book of Minor Magic

   Spells                             Type                      Level
   a - Magic Dart                     Conjuration                  1
   b - Blink                          Translocation                2
   c - Call Imp                       Summoning                    2
   d - Repel Missiles                 Charms/Air                   2
   e - Slow                           Hexes                        2
   f - Conjure Flame                  Conjuration/Fire             3
   g - Mephitic Cloud                 Conjuration/Poison/Air       3
 b - Vehumet's Collected Works on Scorching Combat Magic

   Spells                             Type                      Level
   a - Flame Tongue                   Conjuration/Fire             1
   b - Conjure Flame                  Conjuration/Fire             3
 c - the Tome of the Birds

   Spells                             Type                      Level
   a - Shock                          Conjuration/Air              1
   b - Swiftness                      Charms/Air                   2
Comestibles
 d - 2 fruits
 f - a bread ration


   Skills:
 - Level 1.3 Stealth
 * Level 2.1 Spellcasting
 * Level 1.0 Conjurations
 - Level 1.0 Fire Magic
 - Level 2.0 Air Magic
   Level 2.0 Earth Magic
   Level 1.1 Evocations


You had one spell level left.
You knew the following spells:

 Your Spells              Type           Power        Failure   Level  Hunger
a - Shock                 Conj/Air       #...         14%         1    ##.....
b - Flame Tongue          Conj/Fire      #....        17%         1    ##.....
c - Magic Dart            Conj           #...         17%         1    ##.....


Dungeon Overview and Level Annotations

Branches:
Dungeon (1/15)

Altars:


Innate Abilities, Weirdness & Mutations

You cannot wear most types of armour.
You are amphibious.
You can wear up to eight rings at the same time.
You can use your tentacles to constrict many enemies at once.
Your skin changes colour to match your surroundings (Stealth).
Your rubbery body absorbs attacks (AC +1).


Message History

Press: ? - help, Shift-Dir - straight line, f/p - hobgoblin
Aim: a hobgoblin, wielding a club The zap hits the hobgoblin.
The hobgoblin is moderately wounded.
Casting: Shock
Confirm with . or Enter, or press ? or * to list all spells.
You don't have enough magic to cast that spell.
You barely miss the hobgoblin. Your grab misses the hobgoblin.
The hobgoblin is moderately wounded.
The hobgoblin hits you with a club.
You barely miss the hobgoblin. Your grab misses the hobgoblin.
The hobgoblin is moderately wounded.
The hobgoblin hits you with a club.
You completely miss the hobgoblin. You grab the hobgoblin.
You squeeze the hobgoblin.
The hobgoblin is heavily wounded.
You constrict the hobgoblin, but do no damage.
The hobgoblin hits you with a club.
Ouch! That really hurt!
You die...

#.# #.# ####.## #.....#
# #.###.####### #####.
##.###.......#
#.....####.......####.#
.#.....##.......# #.#
......#@##.......# #.#
#.g.....)....# #.#
#................####.#
#.......##............##
...#######...>.........#
. #.##....P...P.#
#.#.......<....
#..(....P...P..
#..............


You could see a hobgoblin.

Vanquished Creatures
  A goblin (D:1)
  A rat (D:1)
2 creatures vanquished.

Notes
Turn   | Place    | Note
--------------------------------------------------------------
     0 | D:1      | Chiseanne, the Octopode Wanderer, began the quest for the Orb.
     0 | D:1      | Chiseanne set off with: a book of Minor Magic, Vehumet's Collected Works on Scorching Combat Magic, the Tome of the Birds, a +0 dagger, a bread ration
     0 | D:1      | Reached XP level 1. HP: 11/11 MP: 3/3
     2 | D:1      | Identified Vehumet's Collected Works on Scorching Combat Magic
     2 | D:1      | Identified the Tome of the Birds
     4 | D:1      | Learned a level 1 spell: Shock
     6 | D:1      | Learned a level 1 spell: Flame Tongue
     8 | D:1      | Learned a level 1 spell: Magic Dart
    91 | D:1      | Slain by a hobgoblin

Action                   || total
-------------------------++-------
Melee: Dagger            ||     4
 Cast: Shock             ||     6
